 Dungeon Crawl Stone Soup version 0.22-a0-514-g96ba041d05 (webtiles) character file.

263 Foic the Skirmisher (level 5, -3/48 HPs)
             Began as a Minotaur Abyssal Knight on June 19, 2018.
             Was a Believer of Lugonu.
             Slain by a gnoll
             ... wielding a +0 club
              (4 damage)
             ... on level 3 of the Dungeon.
             The game lasted 00:06:53 (2063 turns).

Foic the Skirmisher (Minotaur Abyssal Knight)       Turns: 2063, Time: 00:06:54

Health: -3/48      AC:  9    Str: 17    XL:     5   Next: 98%
Magic:  5/5        EV:  7    Int:  9    God:    Lugonu [**....]
Gold:   69         SH:  0    Dex: 10    Spells: 4/4 levels left

rFire    + . .     SeeInvis .   a - +1 hand axe
rCold    . . .     Gourm    .   (no shield)
rNeg     . . .     Faith    .   d - +0 chain mail
rPois    .         Spirit   .   (helmet restricted)
rElec    .         Reflect  .   (no cloak)
rCorr    .         Harm     .   (no gloves)
MR       .....                  (no boots)
Stlth    ..........             (no amulet)
HPRegen  0.16/turn              b - +1 ring of slaying
MPRegen  0.09/turn              (no ring)

@: no status effects
A: retaliatory headbutt, horns 2, fire resistance 1, low mp 1
a: Depart the Abyss, Bend Space, Renounce Religion


You were on level 3 of the Dungeon.
You worshipped Lugonu.
Lugonu was pleased with you.
You were not hungry.

You visited 1 branch of the dungeon, and saw 3 of its levels.
You visited the Abyss 1 time.

You collected 69 gold pieces.

Inventory:

Hand Weapons
 a - a +1 hand axe (weapon)
Missiles
 e - 104 stones (quivered)
 k - 7 javelins
Armour
 d - a +0 chain mail (worn)
 f - a +0 scale mail
Jewellery
 b - a +1 ring of slaying (left hand)
Scrolls
 g - a scroll of immolation {unknown}
 h - a scroll of teleportation
 j - a scroll of enchant weapon {unknown}
 l - a scroll of identify
 m - a scroll of blinking {unknown}
 p - 3 scrolls of fear {unknown}
Potions
 i - a potion of flight
Comestibles
 c - a ration


   Skills:
 + Level 5.3 Fighting
 + Level 4.9 Axes
 + Level 3.8 Armour
 + Level 1.1 Dodging
 * Level 2.9 Invocations


You had 4 spell levels left.
You didn't know any spells.
Your spell library was empty.

Dungeon Overview and Level Annotations

Branches:
Dungeon (3/15)

Altars:
Fedhas
Sif Muna


Innate Abilities, Weirdness & Mutations

You reflexively headbutt those who attack you in melee.
You have a pair of horns on your head.
Your flesh is heat resistant. (rF+)
Your magical capacity is low. (-10% MP)


Message History

You rip the net and break free!
The gnoll hits you but does no damage.
You slash the gnoll! You headbutt the gnoll.
The gnoll is severely wounded.
The gnoll hits you with a club.
* * * LOW HITPOINT WARNING * * *
You hit the gnoll.
The gnoll is almost dead.
The gnoll hits you with a club.
* * * LOW HITPOINT WARNING * * *
You closely miss the gnoll.
The gnoll is almost dead.
The gnoll hits you with a club.
* * * LOW HITPOINT WARNING * * *
Your chain mail prevents you from hitting the gnoll.
The gnoll is almost dead.
The gnoll hits you but does no damage.
You hit the gnoll but do no damage.
The gnoll is almost dead.
The gnoll hits you with a club.
You die...

#.##....#.# .#
#.#.....#.####.#
####..............#
#.................###..
.................g.....
#.>...........K.)......
#.......##.##.....###..
#..####.##g######.#
........##@######.#
.[..##..........# #
#.....#.#[.###..#
...#.#........... #.
............#
....#.#.......... #
#.#.#<......... . .
####....#.. .# ....#..


You could see a gnoll.

Vanquished Creatures
  An ogre (D:2)
  An orc priest (D:3)
  5 gnolls
  4 adders
  A dart slug (D:2)
  2 worms (D:2)
  2 leopard geckos (D:1)
  2 orcs (D:3)
  6 bats
  2 giant cockroaches (D:1)
  5 goblins
  3 hobgoblins
  5 jackals (D:2)
  A quokka (D:2)
  3 ball pythons
  4 frilled lizards
  6 kobolds
  7 rats
60 creatures vanquished.

Notes
Turn   | Place    | Note
-------+----------+-------------------------------------------
     0 | Abyss:1  | Foic the Minotaur Abyssal Knight began the quest for the Orb.
     0 | Abyss:1  | Reached XP level 1. HP: 19/19 MP: 1/1
    15 | Abyss:1  | Found a corrupted altar of Lugonu.
    82 | Abyss:1  | Noticed a soul eater
    82 | Abyss:1  | Noticed a chaos spawn
    83 | Abyss:1  | Noticed an iron imp
    94 | Abyss:1  | Found a hide-covered altar of Uskayaw.
   102 | Abyss:1  | Noticed a neqoxec
   104 | D:1      | Escaped the Abyss
   138 | D:1      | Reached skill level 4 in Fighting
   283 | D:1      | Reached * piety under Lugonu
   378 | D:1      | Reached XP level 2. HP: 27/27 MP: 2/2
   786 | D:1      | Reached XP level 3. HP: 34/34 MP: 3/3
  1374 | D:2      | Noticed an ogre
  1388 | D:1      | Reached XP level 4. HP: 39/41 MP: 4/4
  1405 | D:2      | Killed an ogre
  1405 | D:2      | Reached skill level 5 in Fighting
  1405 | D:2      | Reached XP level 5. HP: 32/48 MP: 5/5
  1600 | D:2      | Reached ** piety under Lugonu
  1697 | D:2      | Gained mutation: Your magical capacity is low. (-10% MP) [potion of mutation]
  1697 | D:2      | Gained mutation: Your flesh is heat resistant. (rF+) [potion of mutation]
  1716 | D:2      | Found a blossoming altar of Fedhas.
  1914 | D:2      | Found a deep blue altar of Sif Muna.
  2061 | D:3      | HP: 1/48 [gnoll/club (6)]
  2063 | D:3      | Slain by a gnoll

Vault maps used:
D:1:      kennysheep_arrival_forest, minivault_24, minmay_misc_feat_plants,
          st_stairs_5
D:2:      marbit_many_paths, led_sif_pool

Skill      XL: |  1  2  3  4 |
---------------+-------------+-----
Fighting       | 4 5 |  5.3
Armour         | 3 |  3.8
Invocations    | 2 |  2.9
Axes           | 3 4 |  4.9
Dodging        | |  1.1

Action                   |  1- 3 |  4- 6 || total
-------------------------+-------+-------++-------
Melee: Hand axe          |    83 |    85 ||   168
       Headbutt          |    12 |    15 ||    27
Throw: Stone             |       |     1 ||     1
Invok: Depart the Abyss  |     1 |       ||     1
  Use: Scroll            |     3 |       ||     3
       Potion            |     2 |     4 ||     6
  Eat: Chunk             |     1 |     3 ||     4
Armor: Scale mail        |     7 |       ||     7
       Chain mail        |    38 |    55 ||    93
Dodge: Dodged            |    38 |    23 ||    61

Table legend:
 A = Spawn XP
 B = Non-spawn XP
 C = Spawn XP percentage of total XP
 D = Spawn monster count
 E = Non-spawn monster count
 F = Spawn count percentage of total count
 G = Total turns spent on level
                    A         B        C        D         E        F      G
               +---------+---------+-------+---------+---------+-------+---------
         Total |       0 |     377 |   0.0 |       0 |      60 |   0.0 |  2063
               +---------+---------+-------+---------+---------+-------+---------
           D:1 |       0 |      56 |   0.0 |       0 |      28 |   0.0 |  1217
           D:2 |       0 |     243 |   0.0 |       0 |      26 |   0.0 |   678
           D:3 |       0 |      78 |   0.0 |       0 |       6 |   0.0 |    64
               +---------+---------+-------+---------+---------+-------+---------
